 Dungeon Crawl Stone Soup version 0.22.1-2-g9c5b331 (webtiles) character file.

705969 Gruud the Spry (level 27, 201/201 HPs)
             Began as a Demonspawn Necromancer on Aug 21, 2018.
             Was the Champion of Kikubaaqudgha.
             Quit the game on level 5 of the Realm of Zot on Nov 20, 2018.
             The game lasted 09:17:41 (65097 turns).

Gruud the Spry (Demonspawn Necromancer)            Turns: 65097, Time: 09:17:43

Health: 201/201    AC: 44    Str: 15    XL:     27
Magic:  37/37      EV: 24    Int: 26    God:    Kikubaaqudgha [******]
Gold:   6175       SH: 29    Dex: 10    Spells: 7/46 levels left

rFire    + + +     SeeInvis +   a - +9 double sword (freeze)
rCold    + + .     Gourm    .   J - +8 large shield "Yninneme" {Int+7}
rNeg     . . .     Faith    .   I - +8 fire dragon scales
rPois    .         Spirit   .   (helmet unavailable)
rElec    +         Reflect  .   Q - +0 cloak of the Sparrow {*Drain rC++ Regen+ Str+2}
rCorr    +         Harm     .   P - +0 pair of gloves "Hero's Friend" {rF+ MR++ Regen+ Dex-5}
MR       +++++     Rnd*Rage +   L - +2 pair of boots {Stlth+} Stlth +++.......Rnd*Tele +
                                T - amulet "Jyt Joe" {Regen+ Int+3 Stlth+}
HPRegen  1.63/turn              E - ring of Phasing {EV+8}
MPRegen  0.25/turn              l - ring "Kionag" {rCorr rElec MR+ Dex-2 Stlth+}

@: berserk cooldown, slowed, very slow
A: antennae 3, claws 1, molten scales 3, berserk 2, blurry vision 1, clumsy 1,
cold resistance 1, dopey 2, frail 1, foul stench 2, icemail, screaming 1,
teleportitis 1, augmentation 3, rot immunity, freezing cloud immunity, subdued
magic 1
}: 4/15 runes: decaying, serpentine, slimy, silver
a: Receive Corpses, Torment, Renounce Religion


You were on level 5 of the Realm of Zot.
You worshipped Kikubaaqudgha.
Kikubaaqudgha was exalted by your worship.
You were not hungry.

You visited 12 branches of the dungeon, and saw 58 of its levels.
You also visited: Trove, Ice Cave and Wizlab.

You collected 10235 gold pieces.
You spent 4060 gold pieces at shops.

Inventory:

Hand Weapons
 a - a +9 double sword of freezing (weapon)
 b - the +7 hunting sling "Pucs" {freeze, +Inv +Fly rElec Int-3}
   (You found it on level 3 of the Snake Pit)

   It causes projectiles fired from it to freeze those they strike, causing
   extra injury to most foes and up to half again as much damage against
   particularly susceptible opponents.
   They can also slow down cold-blooded creatures.
   It affects your intelligence (-3).
   It insulates you from electricity.
   It lets you turn invisible.
   It lets you fly.
 K - a +2 fustibalus of flaming
Missiles
 f - 705 sling bullets
Armour
 t - the +6 large shield of the Sixty-Six Allies {MR+}
   (You acquired it on level 4 of the Depths)

   It affects your resistance to hostile enchantments.
 I - +8 fire dragon scales (worn)
 J - the +8 large shield "Yninneme" (worn) {Int+7}
   (You took it off Louise on level 1 of the Depths)

   It affects your intelligence (+7).
 L - a +2 pair of boots of stealth (worn)
 P - the +0 pair of gloves "Hero's Friend" (worn) {rF+ MR++ Regen+ Dex-5}
   (You acquired it on level 2 of the Swamp)

   It affects your dexterity (-5).
   It protects you from fire.
   It affects your resistance to hostile enchantments.
   It increases your rate of regeneration.
 Q - the +0 cloak of the Sparrow (worn) {*Drain rC++ Regen+ Str+2}
   (You found it on level 4 of the Snake Pit)

   It affects your strength (+2).
   It greatly protects you from cold.
   It increases your rate of regeneration.
   It causes draining when unequipped.
Magical Staves
 v - an uncursed staff of death
 z - an uncursed staff of wizardry
Jewellery
 l - the ring "Kionag" (right hand) {rCorr rElec MR+ Dex-2 Stlth+}
   (You bought it in a shop on level 4 of the Snake Pit)

   [ring of resist corrosion]

   It affects your dexterity (-2).
   It insulates you from electricity.
   It affects your resistance to hostile enchantments.
   It makes you more stealthy.
 o - the ring "Ockau" {rPois rF+ rN+}
   (You found it in a treasure trove)

   [ring of positive energy]

   It protects you from fire.
   It protects you from poison.
   It protects you from negative energy.
 p - the ring "Rehafroh" {rC+ rN+}
   (You found it in a treasure trove)

   [ring of positive energy]

   It protects you from cold.
   It protects you from negative energy.
 E - the ring of Phasing (left hand) {EV+8}
   (You found it in an ice cave)

   [ring of evasion]

   It affects your evasion (+8).
 F - the ring "Buhosuor" {rF+ rC+ Dex+6}
   (You found it on level 15 of the Dungeon)

   [ring of protection from cold]

   It affects your dexterity (+6).
   It protects you from fire.
   It protects you from cold.
 O - the ring "Poqucoxu" {rN+ Str+4 Dex+4}
   (You found it on level 3 of the Crypt)

   [ring of positive energy]

   It affects your strength (+4).
   It affects your dexterity (+4).
   It protects you from negative energy.
 T - the amulet "Jyt Joe" (around neck) {Regen+ Int+3 Stlth+}
   (You found it on level 3 of the Crypt)

   [amulet of regeneration]

   It affects your intelligence (+3).
   It increases your rate of regeneration.
   It makes you more stealthy.
Wands
 d - a wand of scattershot (8)
 D - a wand of clouds (7)
 U - a wand of acid (52)
 X - a wand of iceblast (45)
 Y - a wand of digging (32)
Scrolls
 k - 11 scrolls of amnesia
 m - 8 scrolls of enchant armour
 r - 28 scrolls of teleportation
 s - 33 scrolls of remove curse
 u - 4 scrolls of summoning
 A - 7 scrolls of magic mapping
 C - 7 scrolls of blinking
 S - 14 scrolls of identify
 V - 10 scrolls of fog
 W - 6 scrolls of silence
Potions
 e - 11 potions of flight
 g - 9 potions of brilliance
 h - 20 potions of curing
 i - 5 potions of ambrosia
 j - 4 potions of magic
 n - 4 potions of might
 w - 6 potions of invisibility
 x - 9 potions of agility
 G - 12 potions of mutation
 H - 6 potions of cancellation
 M - 11 potions of haste
 N - 6 potions of resistance
 R - 15 potions of heal wounds
Miscellaneous
 y - a fan of gales
 B - a phial of floods
 Z - a lightning rod (4/4)
Comestibles
 c - 58 rations
 q - 3 chunks of flesh


   Skills:
 - Level 20.0 Fighting
 - Level 16.0 Long Blades
 - Level 20.0 Armour
 - Level 20.0 Dodging
 - Level 1.7 Stealth
 - Level 20.0 Shields
 - Level 10.0 Spellcasting
 - Level 7.5 Conjurations
 + Level 4.1 Hexes
 + Level 3.8 Charms
 * Level 18.0 Necromancy
 - Level 10.0 Translocations
 - Level 7.5 Earth Magic
 - Level 5.0 Evocations


You had 7 spell levels left.
You knew the following spells:

 Your Spells              Type           Power        Failure   Level  Hunger
a - Borgnjor's Vile Clut  Necr/Erth      #######...   2%          5    ####...
b - Dispel Undead         Necr           ########     1%          5    ####...
c - Bolt of Draining      Conj/Necr      #######...   2%          5    ####...
d - Regeneration          Chrm/Necr      #######...   1%          3    None
e - Animate Skeleton      Necr           N/A          0%          1    None
f - Animate Dead          Necr           N/A          1%          4    None
g - Blink                 Tloc           N/A          1%          2    None
h - Sublimation of Blood  Necr           ########..   0%          2    None
i - Passage of Golubria   Tloc           N/A          2%          4    None
j - Lesser Beckoning      Tloc           #######...   1%          3    None
k - Spectral Weapon       Hex/Chrm       ######..     12%         3    None
l - Passwall              Tmut/Erth      ######..     6%          2    None

Your spell library contained the following spells:

 Spells                   Type           Power        Failure   Level  Hunger
 Pain                     Necr           ####         0%          1    None
 Corpse Rot               Necr           N/A          0%          2    None
 Magic Dart               Conj           ####         1%          1    None
 Shroud of Golubria       Chrm/Tloc      ######....   1%          2    None
 Gell's Gravitas          Tloc           #######...   1%          3    None
 Teleport Other           Tloc           #######.     1%          3    None
 Vampiric Draining        Necr           ########..   1%          3    None
 Death Channel            Necr           ########..   1%          6    #####..
 Portal Projectile        Hex/Tloc       ######       2%          3    None
 Confusing Touch          Hex            ######       3%          1    None
 Corona                   Hex            ######.      3%          1    None
 Flame Tongue             Conj/Fire      #####        3%          1    None
 Infusion                 Chrm           ####         3%          1    None
 Sting                    Conj/Pois      ####         3%          1    None
 Slow                     Hex            ######..     4%          2    None
 Dazzling Spray           Conj/Hex       ######       4%          3    None
 Force Lance              Conj/Tloc      #######.     4%          4    None
 Throw Flame              Conj/Fire      ######       6%          2    None
 Throw Frost              Conj/Ice       ######       6%          2    None
 Excruciating Wounds      Chrm/Necr      #######...   6%          5    ####...
 Recall                   Summ/Tloc      N/A          7%          3    None
 Confuse                  Hex            ######..     10%         3    None
 Tukima's Dance           Hex            ######..     10%         3    None
 Ensorcelled Hibernation  Hex/Ice        #####.       12%         2    None
 Conjure Flame            Conj/Fire      ######..     12%         3    None
 Static Discharge         Conj/Air       ######..     12%         3    None
 Swiftness                Chrm/Air       #####...     13%         2    None
 Leda's Liquefaction      Hex/Erth       ######....   17%         4    None
 Beastly Appendage        Tmut           ###...       19%         1    None
 Freeze                   Ice            ###.         19%         1    None
 Summon Butterflies       Summ           ###.....     19%         1    None
 Summon Small Mammal      Summ           ###.         19%         1    None
 Mephitic Cloud           Conj/Pois/Air  #####...     21%         3    None
 Inner Flame              Hex/Fire       #####...     24%         3    None
 Summon Guardian Golem    Hex/Summ       #####...     24%         3    None
 Ozocubu's Armour         Chrm/Ice       #####...     28%         3    None
 Call Imp                 Summ           ###.....     30%         2    None
 Poisonous Vapours        Pois/Air       ###...       30%         2    None
 Sticks to Snakes         Tmut           ###.....     30%         2    None
 Cause Fear               Hex            ######....   34%         4    None
 Petrify                  Tmut/Erth      ######..     38%         4    None
 Sticky Flame             Conj/Fire      ######..     38%         4    None
 Throw Icicle             Conj/Ice       ######..     38%         4    None
 Iskenderun's Battlesphe  Conj/Chrm      ######..     50%         5    ####...
 Call Canine Familiar     Summ           ###.....     52%         3    None
 Ignite Poison            Fire/Tmut/Pois ###.....     52%         3    None
 Spider Form              Tmut/Pois      ###.......   52%         3    None
 Bolt of Magma            Conj/Fire/Erth ######....   58%         5    ####...
 Summon Forest            Summ/Tloc      ######....   58%         5    ####...
 Simulacrum               Ice/Necr       #######...   61%         6    #####..
 Fireball                 Conj/Fire      ######....   77%         5    ####...
 Venom Bolt               Conj/Pois      ######....   77%         5    ####...
 Iron Shot                Conj/Erth      ######....   82%         6    #####..
 Ice Form                 Ice/Tmut       ###.....     90%         4    None
 Olgreb's Toxic Radiance  Pois           ###.....     90%         4    None
 Summon Ice Beast         Ice/Summ       ###.....     90%         4    None
 Summon Lightning Spire   Summ/Air       ###.....     90%         4    None
 Metabolic Englaciation   Hex/Ice        #####.....   94%         5    ####...
 Silence                  Hex/Air        #####.....   94%         5    ####...
 Summon Mana Viper        Hex/Summ       #####...     94%         5    ####...
 Yara's Violent Unravell  Hex/Tmut       #####.....   94%         5    ####...
 Alistair's Intoxication  Tmut/Pois      ###.....     99%         5    ####...
 Aura of Abjuration       Summ           ###.......   99%         5    ####...
 Blade Hands              Tmut           ###.......   99%         5    ####...
 Invisibility             Hex            ######..     99%         6    #####..
 Haunt                    Necr/Summ      #######...   99%         7    #######
 Bolt of Fire             Conj/Fire      ######....   100%        6    #####..
 Conjure Ball Lightning   Conj/Air       ######....   100%        6    #####..
 Deflect Missiles         Chrm/Air       #####.....   100%        6    #####..
 Freezing Cloud           Conj/Ice/Air   #####.....   100%        6    #####..
 Statue Form              Tmut/Erth      ######...    100%        6    #####..
 Dragon Form              Tmut           ###.......   100%        7    #######
 Orb of Destruction       Conj           ######....   100%        7    #######
 Spellforged Servitor     Conj/Summ      ######....   100%        7    #######
 Summon Hydra             Summ           ###.......   100%        7    #######
 Borgnjor's Revivificati  Necr           ########..   63%         8    #######
 Infestation              Necr           ########..   63%         8    #######
 Death's Door             Chrm/Necr      #######...   100%        8    #######
 Discord                  Hex            ######....   100%        8    #######
 Necromutation            Tmut/Necr      #######...   100%        8    #######
 Dragon's Call            Summ           ###.......   100%        9    #######
 Tornado                  Air            ###.......   100%        9    #######


Dungeon Overview and Level Annotations

Branches:
Dungeon (15/15)            Temple (1/1) D:6            Lair (6/6) D:10
  Swamp (4/4) Lair:4        Snake (4/4) Lair:4        Slime (5/5) Lair:5
    Orc (2/2) D:10            Elf (3/3) Orc:2        Vaults (5/5) D:14
  Crypt (3/3) Vaults:2       Tomb (0/3) Crypt:3      Depths (5/5) D:15
    Zot (5/5) Depths:5

Altars:
Ashenzari
Cheibriados
Dithmenos
Elyvilon
Fedhas
Gozag
Hepliaklqana
Kikubaaqudgha
Makhleb
Nemelex Xobeh
Okawaru
Qazlal
Ru
Sif Muna
Trog
Uskayaw
Vehumet
Wu Jian
Xom
Yredelemnul
Zin
The Shining One
Jiyva
Lugonu

Shops:
D:6 }   D:7 (   D:15 }}*   Orc:1 ?   Orc:2 *!*[   Elf:1 !%   Elf:2 [   Elf:3 !
Snake:3 [:[   Snake:4 [=[}   Vaults:2 [   Depths:1 (

Portals:
Hell: Depths:1 Depths:2 Depths:3 Depths:4 Depths:5
Abyss: Depths:1 Depths:4
Pandemonium: Depths:2 Depths:3 Depths:5
Ziggurat: Depths:2

Annotations:
D:3 1 runed door, Bearstalker's ghost, amateur MiFi
Lair:2 exclusion: 3 oklob plants
Lair:4 exclusion: oklob plant
Lair:6 exclusion: oklob plant
Snake:4 exclusion: Roxanne, Roxanne
Elf:3 2 runed doors, exclusion: orange crystal statue, Terandir's ghost, adept MiFi
Depths:1 3 runed doors, exclusion: obsidian statue, Izxeget's ghost, veteran GrGl


Innate Abilities, Weirdness & Mutations

You have a pair of large antennae on your head. (SInv)
You are completely covered in molten scales. (AC +4, rF+)
Your flesh is cold resistant. (rC+)
You frequently emit foul miasma when damaged in melee.
A meltable icy envelope protects you from harm. (AC +10)
Your magical and physical power is greatly enhanced at high health.
You are immune to rotting.
You are immune to freezing clouds.
You have sharp fingernails.
You often lose your temper in combat.
Scrolls take you a little longer to read.
You are clumsy. (Dex -2)
You are very dopey. (Int -4)
You are frail. (-10% HP)
You occasionally shout uncontrollably at your foes.
You are occasionally teleported next to monsters.
Your spells are a little easier to cast, but a little less powerful.


Message History

You are no longer berserk.
You are exhausted.
You feel yourself slow down.
Found a ration.
Found a throwing net.
You found a permanent teleport trap!
Found 23 arrows.
You found a permanent teleport trap!
c - 58 rations (gained 1) Really walk into that permanent teleport trap?
Okay, then.
A huge blade swings just past you!
There is a blade trap here.
Your icy envelope is restored.
Okay, then.
Saving game... please wait.
Welcome back, Gruud the Demonspawn Necromancer.
Kikubaaqudgha says: Spread unending torment and darkness!
Press ? for a list of commands and other information.
Are you sure you want to abandon this character and quit the game? (Confirm

#....##................##
...###.....^............##
.^# #....................#
.## #....(...............#
.# #.........^..........#
## #....................#
# #.....^..............#
## #....................#
.# ##..........@(......##
.## ##................##
..# ##..............## ###
################ #####
#...# ....#


There were no monsters in sight!

Vanquished Creatures
  Dissolution (Slime:4)
  the Royal Jelly (Slime:5)
  6 orbs of fire (Zot:5)
  10 ancient liches
  A juggernaut (Depths:4)
  Frederick (Vaults:4)
  Margery (Vaults:4)
  Vashnia (Snake:3)
  the Lernaean hydra (Swamp:4)
  4 Killer Klowns (Zot:5)
  Saint Roka (Snake:4)
  Xtahua (Vaults:2)
  10 golden dragons
  the Enchantress (Depths:1)
  4 electric golems
  13 tentacled monstrosities
  3 liches
  Rupert (Orc:2)
  25 Orb Guardians (Zot:5)
  6 quicksilver dragons
  A titan (Vaults:5)
  14 acid blobs
  12 death cobs
  3 deep elf blademasters
  2 deep elf master archers (Elf:3)
  Frances (D:14)
  4 ancient champions
  2 sphinxes
  Gastronok (D:8)
  2 thorn hunters
  Kirke (D:15)
  5 shadow dragons
  Agnes (D:15)
  3 draconian monks
  4 nagarajas
  8 storm dragons
  7 tengu reavers
  4 azure jellies
  7 deep elf sorcerers
  10 frost giants
  9 fire giants
  16 vault wardens
  3 ghost moths
  8 draconian scorchers
  An iron dragon (Vaults:5)
  6 draconian knights
  A balrug (Depths:3)
  5 spriggan defenders
  Louise (Depths:1)
  3 curse skulls
  3 draconian shifters
  7 ghouls
  5 reapers (Crypt:3)
  8 draconian annihilators
  7 draconian stormcallers
  16 ironheart preservers
  2 deep elf elementalists
  12 very ugly things
  20 stone giants
  An entropy weaver (Vaults:2)
  4 deep elf demonologists
  2 war gargoyles
  13 deep elf annihilators
  5 vampire knights
  9 green draconians
  10 black draconians
  6 spark wasps (Depths:2)
  Azrael (D:15)
  8 red draconians
  8 purple draconians
  10 white draconians
  9 eidola (Crypt:3)
  10 yellow draconians
  8 deep elf death magi
  15 ettins
  A small abomination (Depths:4)
  A mummy priest (Crypt:3)
  4 death oozes
  Josephine (D:14)
  A quicksilver dragon zombie (Crypt:3)
  8 jiangshi
  11 fire dragons
  5 great orbs of eyes
  7 deep elf high priests
  18 ogre magi
  8 yaktaur captains
  6 rakshasas
  Fannar (D:11)
  5 naga warriors
  45 vault guards
  16 hydras
  13 centaur warriors
  6 spriggan air magi
  6 ice dragons
  3 anacondas (shapeshifter)
  3 anacondas
  10 alligators
  23 dancing weapons
  4 deep troll shamans
  7 death knights
  40 two-headed ogres
  A satyr (shapeshifter) (Depths:4)
  A catoblepas (shapeshifter) (Vaults:3)
  5 orc high priests (Orc:2)
  7 deep troll earth magi
  8 tengu warriors
  8 vampire magi
  4 spriggan berserkers
  A titan zombie (Crypt:3)
  2 shock serpents
  6 hell knights
  4 death yaks (Lair:3)
  18 naga sharpshooters
  23 deep elf knights
  6 soul eaters
  Sonja (D:10)
  2 titan skeletons
  A storm dragon zombie (Depths:4)
  A sixfirhy (Depths:3)
  17 skeletal warriors
  2 salamander mystics (Snake:4)
  4 shadow wraiths
  22 deep trolls
  3 iron trolls (Depths:5)
  2 unseen horrors (shapeshifter)
  8 swamp dragons
  2 spriggan druids
  2 glowing orange brains
  2 unseen horrors
  4 flayed ghosts
  2 shambling mangroves (Swamp:3)
  3 naga ritualists
  12 deep elf archers
  8 wizards
  15 ironbrand convokers
  13 phantasmal warriors
  A lindwurm (Lair:4)
  18 orc knights
  3 mana vipers
  A harpy (shapeshifter) (Vaults:5)
  68 deep elf magi
  16 necromancers
  An iron dragon zombie (Depths:4)
  A sphinx zombie (Depths:1)
  6 shining eyes
  2 fire giant zombies (Crypt:3)
  4 wolf spiders
  43 ugly things
  3 stone giant zombies (Crypt:3)
  An oklob plant (Elf:1)
  4 orc sorcerers
  A shock serpent zombie (Crypt:3)
  6 cyclopes
  A cyclops (shapeshifter) (Depths:2)
  18 moths of wrath
  A guardian serpent (shapeshifter) (Vaults:5)
  3 elephants
  A stone giant skeleton (Crypt:3)
  5 salamanders (Snake:4)
  2 fire giant skeletons (Crypt:3)
  Joseph (D:9)
  2 frost giant skeletons (Crypt:3)
  8 guardian serpents
  16 vault sentinels
  2 iron dragon skeletons (Crypt:3)
  10 naga magi
  A rust devil (Depths:4)
  2 ice statues (IceCv)
  Psyche (D:9)
  A catoblepas zombie (Crypt:3)
  8 spiny frogs
  24 black mambas
  2 gargoyles
  An orange demon (Depths:3)
  An eye of devastation (Slime:5)
  2 spectral swamp worms (Depths:1)
  An elf zombie (Depths:4)
  4 rime drakes
  7 komodo dragons
  32 yaktaurs
  A black draconian skeleton (Crypt:2)
  3 kobold demonologists
  2 efreet
  A sea snake zombie (Crypt:1)
  9 freezing wraiths
  A guardian mummy (Crypt:3)
  A queen ant zombie (Crypt:1)
  12 hellwings (Crypt:3)
  An alligator snapping turtle skeleton (Crypt:2)
  3 jumping spiders (Crypt:3)
  A merfolk (D:11)
  A tengu conjurer (Depths:1)
  A queen bee (shapeshifter) (D:15)
  A polar bear (shapeshifter) (Vaults:4)
  An ancient zyme (Depths:3)
  A yellow draconian skeleton (Crypt:2)
  A hornet (shapeshifter) (Vaults:5)
  A catoblepas skeleton (Crypt:3)
  4 trolls
  11 hornets
  Grinder (D:6)
  A polar bear (Lair:6)
  A meliai (shapeshifter) (Depths:3)
  7 tyrant leeches
  A tyrant leech (shapeshifter) (Vaults:5)
  A hydra skeleton (Crypt:3)
  11 blink frogs
  7 bog bodies
  60 slime creatures
  A hippogriff (shapeshifter) (Depths:1)
  4 ettin zombies
  9 hippogriffs
  A stone giant simulacrum (Depths:1)
  A death drake skeleton (Crypt:1)
  3 human simulacra
  4 flying skulls (Crypt:1)
  Sigmund (D:5)
  A fire dragon skeleton (Crypt:1)
  A satyr skeleton (Crypt:1)
  9 redbacks
  22 spriggans
  A black mamba zombie (Crypt:3)
  A redback (shapeshifter) (Vaults:4)
  6 water elementals
  11 wraiths
  4 shadows
  9 vampires
  28 yaks
  2 hungry ghosts
  A yaktaur simulacrum (Vaults:1)
  A basilisk (shapeshifter) (Depths:1)
  3 hogs (D:15)
  A human (D:11)
  2 basilisks
  3 steam dragons
  3 fire elementals
  14 vampire mosquitoes
  2 deep troll zombies
  43 nagas
  A warg (Vaults:4)
  A soldier ant (D:15)
  7 insubstantial wisps
  A soldier ant (shapeshifter) (Vaults:5)
  6 water moccasins
  10 swamp worms
  An acid dragon (D:11)
  A floating eye (shapeshifter) (Depths:1)
  A spiny frog zombie (Crypt:3)
  9 swamp drakes
  4 two-headed ogre zombies (WizLab)
  A floating eye (D:15)
  41 orc warriors
  12 porcupines
  A water nymph skeleton (Crypt:2)
  2 sky beasts
  4 black bears
  Duvessa (D:6)
  2 eyes of draining
  23 ice beasts
  2 boggarts (Lair:6)
  2 eyes of draining (shapeshifter)
  A snapping turtle zombie (Crypt:3)
  3 necrophages
  6 centaurs
  48 ogres
  10 wolves
  A snapping turtle skeleton (Crypt:3)
  An elephant skeleton (Crypt:2)
  A big kobold (D:14)
  6 crocodiles
  2 human zombies
  Blork the orc (D:6)
  14 bullfrogs
  A cyclops zombie (Crypt:2)
  2 earth elementals (Elf:3)
  A water moccasin zombie (D:5)
  Dowan (D:6)
  2 scorpions
  4 wyvern skeletons
  9 troll zombies (WizLab)
  4 electric eels (Elf:3)
  9 wights
  A howler monkey (D:8)
  8 crimson imps
  7 bullfrog zombies
  5 centaur zombies
  A quasit (D:7)
  8 jellies
  A bullfrog skeleton (D:11)
  6 hounds
  Crazy Yiuf (D:5)
  3 centaur skeletons
  21 orc priests
  A gnoll shaman (D:4)
  Natasha (thrice) (D:4)
  7 iguanas
  21 orc wizards
  A human skeleton (Crypt:3)
  A black bear skeleton (Crypt:1)
  7 worker ants
  6 ogre zombies (WizLab)
  A tengu zombie (Crypt:3)
  A deep dwarf skeleton (Crypt:1)
  A hound skeleton (D:4)
  2 mummies (Crypt:3)
  8 gnolls (D:4)
  5 adders
  A howler monkey skeleton (D:7)
  3 shadow imps
  An ooze (D:1)
  2 worms
  3 dart slugs
  2 leopard geckos
  96 orcs
  3 ball pythons
  12 bats
  A bat skeleton (Crypt:2)
  9 giant cockroaches
  7 goblins
  10 hobgoblins
  4 jackals
  18 kobolds
  3 quokkas
  7 frilled lizards
  A giant cockroach zombie (D:5)
  5 rats
  2 rat zombies (D:8)
  A crawling corpse (Depths:4)
  A fungus (Lair:4)
  3 plants
  2 starspawn tentacles (Depths:3)
  A withered plant (Crypt:3)
2169 creatures vanquished.

Vanquished Creatures (collateral kills)
  Jory (Vaults:4)
  4 tentacled monstrosities
  4 quicksilver dragons
  A titan (Depths:2)
  A death cob (Zot:1)
  A shadow dragon (Depths:4)
  3 nagarajas (Snake:4)
  A draconian monk (Zot:4)
  3 fire giants
  A vault warden (Vaults:5)
  6 frost giants
  A draconian scorcher (Zot:4)
  2 draconian annihilators
  A stone giant (Vaults:5)
  A draconian shifter (Zot:4)
  2 very ugly things
  2 ironheart preservers
  2 black draconians
  A purple draconian (Zot:4)
  A deep elf demonologist (Vaults:5)
  A red draconian (Zot:4)
  A spark wasp (Depths:2)
  A fire dragon (Depths:2)
  3 yaktaur captains
  2 ettins
  4 vault guards
  2 ice dragons
  A spriggan air mage (Depths:5)
  3 naga warriors
  2 hydras
  An anaconda (Snake:4)
  5 two-headed ogres
  2 alligators
  2 deep troll earth magi
  A deep troll shaman (D:15)
  2 death yaks (Lair:3)
  A thrashing horror (Depths:3)
  A shock serpent (Snake:4)
  A naga sharpshooter (Snake:4)
  A hell knight (Depths:5)
  2 glowing orange brains
  A shambling mangrove (Swamp:4)
  4 swamp dragons
  3 naga ritualists (Snake:4)
  A phantasmal warrior (Vaults:5)
  2 orc knights
  4 deep elf magi
  11 ugly things
  7 elephants
  2 guardian serpents (Snake:4)
  7 black mambas
  2 naga magi (Snake:2)
  A torpor snail (Lair:6)
  5 spiny frogs
  3 spectral swamp worms (Depths:1)
  A centaur skeleton (D:15)
  3 rime drakes
  7 yaktaurs
  A freezing wraith (D:15)
  5 komodo dragons
  3 polar bears (Lair:6)
  A tyrant leech (Swamp:2)
  13 hornets
  An ettin zombie (Vaults:1)
  5 hippogriffs
  10 slime creatures
  An iron dragon simulacrum (Depths:1)
  2 blink frogs (Lair:4)
  A redback (Vaults:2)
  A bog body (Swamp:3)
  9 spriggans
  A wraith (Vaults:4)
  2 water elementals (Depths:5)
  6 yaks (Lair:3)
  A fire bat (shapeshifter) (Depths:2)
  A basilisk (Lair:1)
  A vampire mosquito (D:15)
  4 wargs
  13 nagas
  7 insubstantial wisps
  6 swamp worms
  4 water moccasins
  A floating eye (D:15)
  2 porcupines
  3 hell hounds (D:15)
  10 orc warriors
  A swamp drake (Swamp:4)
  An ice beast (D:10)
  A boggart (Lair:6)
  12 wolves
  6 ogres
  5 crocodiles
  A crimson imp (D:8)
  A bullfrog zombie (D:5)
  A hound (D:13)
  A jelly (D:13)
  5 orc priests
  3 orc wizards
  2 worker ants
  A gnoll (D:4)
  An adder (D:12)
  A worm (shapeshifter) (Vaults:1)
  A leopard gecko (D:8)
  9 orcs
  A giant cockroach (D:4)
  2 jackals (D:10)
  A goblin (D:3)
  A crawling corpse (Depths:4)
  4 fungi
  6 plants
325 creatures vanquished.

Vanquished Creatures (others)
  Asterion (Depths:2)
  2 yellow draconians (Zot:2)
  A spriggan air mage (Depths:1)
  3 centaur warriors
  3 yaktaurs
  A vampire mosquito (Swamp:4)
  A naga (Snake:4)
  An ogre (Depths:4)
  2 centaurs (D:13)
  A kobold (D:11)
  A briar patch (Swamp:4)
  A bush (Lair:2)
  3 fungi
  28 plants
  2 spectral weapons (Zot:5)
  6 starspawn tentacles (Depths:3)
57 creatures vanquished.

Grand Total: 2551 creatures vanquished

Notes
Turn   | Place    | Note
-------+----------+-------------------------------------------
     0 | D:1      | Gruud the Demonspawn Necromancer began the quest for the
                  | Orb.
     0 | D:1      | Reached XP level 1. HP: 13/13 MP: 3/3
     2 | D:1      | Learned a level 1 spell: Animate Skeleton
   406 | D:1      | Gained mutation: You are partially covered in molten
                  | scales. (AC +2) [demonic ancestry]
   406 | D:1      | Reached XP level 2. HP: 12/19 MP: 5/5
   426 | D:1      | Reached skill level 5 in Necromancy
  1093 | D:2      | Gained mutation: You are immune to rotting. [demonic
                  | ancestry]
  1093 | D:2      | Reached XP level 3. HP: 15/24 MP: 4/6
  1100 | D:2      | Learned a level 3 spell: Vampiric Draining
  1484 | D:2      | Found an opulent altar of Gozag.
  1831 | D:3      | Gained mutation: Your flesh is cold resistant. (rC+)
                  | [demonic ancestry]
  1831 | D:3      | Reached XP level 4. HP: 19/30 MP: 0/7
  2040 | D:3      | Found a runed door.
  2040 | D:3      | Noticed Bearstalker's ghost (amateur MiFi)
  2367 | D:3      | Learned a level 2 spell: Blink
  2600 | D:3      | Found a burning altar of Makhleb.
  2601 | D:3      | Found a radiant altar of Vehumet.
  2650 | D:3      | Gained mutation: You are immune to freezing clouds.
                  | [demonic ancestry]
  2650 | D:3      | Reached XP level 5. HP: 21/35 MP: 8/8
  2817 | D:4      | Reached skill level 1 in Translocations
  2990 | D:4      | Reached XP level 6. HP: 38/41 MP: 2/9
  3752 | D:4      | Noticed Natasha
  3765 | D:4      | Killed Natasha
  3765 | D:4      | Reached XP level 7. HP: 38/46 MP: 8/10
  4265 | D:4      | Noticed Natasha
  4269 | D:4      | Killed Natasha
  4288 | D:4      | Noticed Natasha
  4291 | D:4      | Killed Natasha
  4332 | D:5      | Entered Level 5 of the Dungeon
  4416 | D:5      | Learned a level 3 spell: Regeneration
  4828 | D:5      | Reached skill level 1 in Shields
  4916 | D:5      | Noticed Sigmund
  4938 | D:5      | Killed Sigmund
  5126 | D:5      | Gained mutation: You may emit foul miasma when damaged in
                  | melee. [demonic ancestry]
  5126 | D:5      | Reached XP level 8. HP: 33/52 MP: 11/11
  5173 | D:5      | Found a runed door.
  5243 | D:5      | Noticed Crazy Yiuf
  5255 | D:5      | Killed Crazy Yiuf
  5458 | D:5      | Found a white marble altar of Elyvilon.
  5538 | D:6      | Noticed Blork the orc
  5543 | D:6      | Killed Blork the orc
  5617 | D:6      | Noticed Dowan
  5619 | D:6      | Noticed Duvessa
  5642 | D:6      | Killed Duvessa
  5642 | D:6      | Reached skill level 1 in Armour
  5644 | D:6      | Killed Dowan
  5739 | D:6      | Found Ikola's Gadget Shop.
  5744 | D:6      | Bought a wand of paralysis (7) for 90 gold pieces
  5895 | D:6      | Noticed Grinder
  6326 | D:7      | Learned a level 3 spell: Mephitic Cloud
  6360 | D:7      | Found Jesch's Antique Weapon Shop.
  6584 | D:6      | Paralysed by Grinder for 6 turns
  6599 | D:6      | Killed Grinder
  6599 | D:6      | Reached skill level 10 in Necromancy
  6599 | D:6      | Gained mutation: A meltable icy envelope protects you from
                  | harm. (AC +10) [demonic ancestry]
  6599 | D:6      | Reached XP level 9. HP: 54/57 MP: 12/15
  6620 | D:6      | Found a staircase to the Ecumenical Temple.
  6626 | Temple   | Entered the Ecumenical Temple
  6953 | D:8      | Noticed Gastronok
  7026 | D:8      | Reached skill level 5 in Spellcasting
  7038 | D:8      | Learned a level 4 spell: Animate Dead
  7181 | D:8      | Found a deep blue altar of Sif Muna.
  7526 | D:9      | Noticed Joseph
  7551 | D:9      | Killed Joseph
  7551 | D:9      | Reached skill level 5 in Dodging
  7683 | D:9      | Noticed Psyche
  7695 | D:9      | Killed Psyche
  7997 | D:10     | Entered Level 10 of the Dungeon
  8076 | D:10     | Reached XP level 10. HP: 60/63 MP: 4/17
  8255 | D:10     | Found a portal to a secret trove of treasure.
  8260 | D:10     | Noticed Sonja
  8495 | D:6      | Bought a wand of digging (8) for 240 gold pieces
  8627 | D:10     | Got a coiled bone ring
  8629 | D:10     | Identified the ring "Kepis" {*Drain rPois rC+ Int+7 SInv}
                  | (You found it on level 10 of the Dungeon)
  9270 | D:11     | Noticed a deep elf mage
  9461 | D:11     | Noticed a brown ugly thing
  9673 | D:8      | Found an ancient bone altar of Kikubaaqudgha.
  9681 | D:8      | Became a worshipper of Kikubaaqudgha
  9777 | D:10     | Found a staircase to the Lair.
  9779 | D:10     | Killed Sonja
  9792 | D:10     | Found a staircase to the Orcish Mines.
  9821 | Orc:1    | Entered Level 1 of the Orcish Mines
 10095 | Orc:1    | Found Vuifyph's Magic Scroll Shop.
 10120 | Lair:1   | Entered Level 1 of the Lair of Beasts
 10366 | Lair:1   | Reached skill level 1 in Evocations
 10641 | Lair:1   | Noticed a spiny frog
 10651 | Lair:1   | Killed a spiny frog
 11028 | Lair:2   | Reached * piety under Kikubaaqudgha
 11028 | Lair:2   | Identified Kikubaaqudgha's Almanac of Evil Magic
                  | (Kikubaaqudgha gifted it to you on level 2 of the Lair of
                  | Beasts)
 11028 | Lair:2   | Received a gift from Kikubaaqudgha
 11218 | Lair:2   | Gained mutation: You frequently emit foul miasma when
                  | damaged in melee. [demonic ancestry]
 11218 | Lair:2   | Reached XP level 11. HP: 44/68 MP: 5/18
 11290 | Lair:2   | Reached skill level 5 in Evocations
 11315 | Lair:2   | Learned a level 2 spell: Sublimation of Blood
 11501 | Lair:2   | Noticed an eight-headed hydra
 11528 | Lair:2   | Killed an eight-headed hydra
 11674 | Lair:2   | Noticed an oklob plant
 11674 | Lair:2   | Noticed an oklob plant
 11674 | Lair:2   | Noticed an oklob plant
 11812 | Lair:2   | Reached skill level 10 in Dodging
 12244 | Lair:3   | Reached ** piety under Kikubaaqudgha
 12398 | Lair:3   | Noticed a five-headed hydra
 12407 | Lair:3   | Killed a five-headed hydra
 12638 | Lair:3   | Noticed a death yak
 12642 | Lair:3   | Noticed a death yak
 12646 | Lair:3   | Noticed a death yak
 12646 | Lair:3   | Noticed a death yak
 12650 | Lair:3   | Noticed a death yak
 12652 | Lair:3   | Noticed a death yak
 12654 | Lair:3   | Killed a death yak
 12674 | Lair:3   | Killed a death yak
 12674 | Lair:3   | Reached XP level 12. HP: 58/74 MP: 1/20
 12677 | Lair:3   | Killed a death yak
 12685 | Lair:3   | Killed a death yak
 12955 | Lair:3   | Killed a death yak
 12968 | Lair:3   | Killed a death yak
 13533 | Lair:4   | Found a staircase to the Swamp.
 14106 | Lair:4   | Reached *** piety under Kikubaaqudgha
 14106 | Lair:4   | Identified Kikubaaqudgha's Reference Book on Darkness
                  | (Kikubaaqudgha gifted it to you on level 4 of the Lair of
                  | Beasts)
 14106 | Lair:4   | Received a gift from Kikubaaqudgha
 14114 | Lair:4   | Learned a level 5 spell: Borgnjor's Vile Clutch
 14142 | Lair:4   | Learned a level 5 spell: Bolt of Draining
 14242 | Lair:4   | Found a staircase to the Snake Pit.
 15421 | Lair:5   | Found a staircase to the Slime Pits.
 15790 | Lair:6   | Entered Level 6 of the Lair of Beasts
 16071 | Lair:6   | Reached XP level 13. HP: 77/79 MP: 3/25
 16153 | Lair:6   | Reached **** piety under Kikubaaqudgha
 16785 | Lair:6   | Found a blossoming altar of Fedhas.
 17065 | Lair:6   | Reached ***** piety under Kikubaaqudgha
 17693 | Orc:2    | Entered Level 2 of the Orcish Mines
 17798 | Orc:2    | Found a staircase to the Elven Halls.
 17872 | Orc:2    | Noticed Rupert
 17887 | Orc:2    | Killed Rupert
 17887 | Orc:2    | Reached skill level 10 in Spellcasting
 18918 | Orc:2    | Reached skill level 15 in Dodging
 19097 | Orc:2    | Gained mutation: You have a pair of small antennae on your
                  | head. [demonic ancestry]
 19097 | Orc:2    | Reached XP level 14. HP: 51/86 MP: 6/28
 19201 | Orc:2    | Reached skill level 1 in Long Blades
 19301 | Orc:2    | Found Ytixacesh's Antique Armour Boutique.
 19301 | Orc:2    | Found Aruck's General Store.
 19302 | Orc:2    | Found Fiwysas's General Store.
 19302 | Orc:2    | Found Sejos's Distillery.
 19314 | Orc:2    | Bought a potion of heal wounds for 60 gold pieces
 19314 | Orc:2    | Bought a potion of heal wounds for 60 gold pieces
 19314 | Orc:2    | Bought a potion of invisibility for 96 gold pieces
 19314 | Orc:2    | Bought a potion of invisibility for 96 gold pieces
 19314 | Orc:2    | Bought a potion of curing for 36 gold pieces
 19314 | Orc:2    | Bought a potion of curing for 36 gold pieces
 19473 | D:8      | Killed Gastronok
 19887 | D:11     | Noticed Fannar
 19894 | D:11     | Killed Fannar
 20048 | D:11     | Learned a level 5 spell: Dispel Undead
 20053 | D:11     | Found a shattered altar of Ashenzari.
 20314 | D:12     | Reached ****** piety under Kikubaaqudgha
 20314 | D:12     | Reached skill level 5 in Long Blades
 20989 | D:12     | Found an iron altar of Okawaru.
 21078 | D:12     | Got a pair of spiked gloves
 21079 | D:12     | Identified the -1 pair of gloves "Ganecwobb" {rPois rCorr
                  | Dex-3 Slay+2} (You found it on level 12 of the Dungeon)
 21184 | D:12     | Identified the +2 robe of the Hanged Man {rElec rF+ Int+2}
                  | (You found it on level 12 of the Dungeon)
 21199 | D:12     | Identified the +0 hat of the Fisher {Regen+ Str+4} (You
                  | found it on level 12 of the Dungeon)
 21565 | D:13     | Found a viscous altar of Jiyva.
 22437 | D:14     | Found a frozen archway.
 22507 | IceCv    | Entered an ice cave
 22773 | IceCv    | Found the ring of Phasing {EV+8}
 23019 | D:14     | Noticed Josephine
 23041 | D:14     | Killed Josephine
 23352 | D:14     | Reached skill level 10 in Long Blades
 23568 | D:14     | Noticed Frances
 23576 | D:14     | Killed Frances
 23576 | D:14     | Reached XP level 15. HP: 80/91 MP: 2/29
 23823 | D:14     | Found a gate to the Vaults.
 23959 | D:14     | Upgraded the game from 0.22.0-27-ga576289 to
                  | 0.22.0-32-gbc6daba
 24022 | D:15     | Entered Level 15 of the Dungeon
 24193 | D:15     | Found Kirchou's Assorted Antiques.
 24202 | D:15     | Bought a potion of agility for 108 gold pieces
 24202 | D:15     | Bought a scroll of identify for 54 gold pieces
 24286 | D:15     | Noticed a frost giant
 24312 | D:15     | Killed a frost giant
 24337 | D:15     | Found Cenean's Gadget Boutique.
 24337 | D:15     | Noticed Agnes
 24342 | D:15     | Killed Agnes
 24353 | D:15     | Paralysed by a floating eye for 3 turns
 24398 | D:15     | Noticed Azrael
 24556 | D:15     | Killed Azrael
 24702 | D:15     | Found Zuukk's Gadget Emporium.
 24794 | D:15     | Noticed Kirke
 24803 | D:15     | Killed Kirke
 24818 | D:15     | Got a transparent lead ring
 24822 | D:15     | Identified the ring "Veitut" {+Blink +Fly} (You found it on
                  | level 15 of the Dungeon)
 24890 | D:15     | Found a staircase to the Depths.
 24945 | D:15     | Noticed a sphinx
 24954 | D:15     | Killed a sphinx
 25035 | D:15     | Identified the ring of Wishful Thinking {rC+ Str+3} (You
                  | found it on level 15 of the Dungeon)
 25080 | D:15     | Noticed a frost giant
 25111 | D:15     | Killed a frost giant
 25191 | D:15     | Noticed a fire giant
 25202 | D:15     | Killed a fire giant
 25269 | D:15     | Got a pitted steel ring
 25448 | D:15     | Noticed a tengu reaver
 25457 | D:15     | Killed a tengu reaver
 25597 | Orc:1    | Bought a scroll of identify for 26 gold pieces
 25597 | Orc:1    | Bought a scroll of enchant armour for 97 gold pieces
 25597 | Orc:1    | Bought a scroll of enchant weapon for 97 gold pieces
 25598 | Orc:1    | Identified the ring "Buhosuor" {rF+ rC+ Dex+6} (You found
                  | it on level 15 of the Dungeon)
 25602 | Orc:1    | Bought a scroll of blinking for 97 gold pieces
 25602 | Orc:1    | Bought a scroll of blinking for 97 gold pieces
 25602 | Orc:1    | Bought a scroll of fog for 26 gold pieces
 25924 | Swamp:1  | Entered Level 1 of the Swamp
 26066 | Swamp:1  | Gained mutation: You have a pair of antennae on your head.
                  | [demonic ancestry]
 26066 | Swamp:1  | Reached XP level 16. HP: 97/97 MP: 30/30
 26084 | Swamp:1  | Reached skill level 5 in Shields
 26128 | Swamp:1  | You fall through a shaft!
 27649 | Swamp:3  | Identified a scroll of acquirement
 27721 | Swamp:2  | Got a pair of dazzling gloves
 27732 | Swamp:2  | Identified the +0 pair of gloves "Hero's Friend" {rF+ MR++
                  | Regen+ Dex-5} (You acquired it on level 2 of the Swamp)
 27867 | Swamp:3  | Found a stormy altar of Qazlal.
 27938 | Swamp:3  | Identified the +0 cloak of Too Many Cooks {rElec rF- rCorr
                  | Dex+8} (You acquired it on level 3 of the Swamp)
 28492 | Swamp:4  | Entered Level 4 of the Swamp
 28559 | Swamp:4  | Noticed a thorn hunter
 28580 | Swamp:3  | Killed a thorn hunter
 28635 | Swamp:4  | Noticed a thorn hunter
 28713 | Swamp:4  | Reached skill level 15 in Long Blades
 28875 | Swamp:4  | Identified the +4 hunting sling of Execution {velocity,
                  | rF+} (You found it on level 4 of the Swamp)
 29265 | Swamp:4  | Killed a thorn hunter
 29616 | Swamp:4  | Noticed the 27-headed Lernaean hydra
 29633 | Swamp:4  | Killed the 27-headed Lernaean hydra
 29633 | Swamp:4  | Reached skill level 5 in Armour
 29701 | Swamp:4  | Got a decaying rune of Zot
 29905 | Swamp:4  | Reached XP level 17. HP: 86/102 MP: 20/31
 30083 | Snake:1  | Entered Level 1 of the Snake Pit
 30486 | Snake:1  | Reached skill level 1 in Earth Magic
 31081 | Snake:2  | HP: 3/102 [naga sharpshooter/arrow (5)]
 31081 | Snake:2  | HP: 1/102 [naga sharpshooter/arrow (2)]
 31213 | Snake:2  | Identified the cursed +0 plate armour of the Prince of
                  | Darkness {*Contam Str+8 Int-5} (You found it on level 2 of
                  | the Snake Pit)
 31739 | Snake:3  | Noticed Vashnia
 31924 | Snake:3  | Got a translucent shield
 31956 | Snake:2  | Identified the +0 shield of Brilliance {rPois rC+ Int-3
                  | Dex+3} (You found it on level 3 of the Snake Pit)
 31982 | Snake:3  | Killed Vashnia
 31997 | Snake:3  | Reached skill level 5 in Earth Magic
 32035 | Snake:3  | Upgraded the game from 0.22.0-32-gbc6daba to
                  | 0.22.0-36-g8e74550
 32116 | Snake:3  | Reached skill level 1 in Conjurations
 32183 | Snake:3  | Identified the +7 hunting sling "Pucs" {freeze, +Inv +Fly
                  | rElec Int-3} (You found it on level 3 of the Snake Pit)
 32228 | Snake:3  | Found Ipsuammi's Antique Armour Emporium.
 32228 | Snake:3  | Found Usmammu's Book Shoppe.
 32231 | Snake:3  | Found Xinaar's Antique Armour Emporium.
 32419 | Snake:4  | Entered Level 4 of the Snake Pit
 32521 | Snake:4  | Noticed Roxanne
 32710 | Snake:4  | Found Osaistreacw's Armour Boutique.
 32914 | Snake:4  | Noticed Saint Roka
 32949 | Snake:4  | Killed Saint Roka
 33061 | Snake:4  | Found Qolyablo's Antique Armour Shop.
 33063 | Snake:4  | Found Dicaic's Gadget Shop.
 33066 | Snake:4  | Found Xuirexin's Jewellery Boutique.
 33083 | Snake:4  | Identified the +0 cloak of the Sparrow {*Drain rC++ Regen+
                  | Str+2} (You found it on level 4 of the Snake Pit)
 33104 | Snake:4  | Bought a pair of runed boots for 292 gold pieces
 33104 | Snake:4  | Bought a pair of glowing boots for 292 gold pieces
 33154 | Snake:4  | Bought the ring "Kionag" {rCorr rElec MR+ Dex-2 Stlth+} for
                  | 687 gold pieces
 33416 | Snake:4  | Reached skill level 5 in Conjurations
 33476 | Snake:4  | Reached skill level 10 in Armour
 33663 | Snake:4  | Gained mutation: You are mostly covered in molten scales.
                  | (AC +3) [demonic ancestry]
 33663 | Snake:4  | Reached XP level 18. HP: 109/109 MP: 23/32
 33820 | Snake:4  | Got a serpentine rune of Zot
 34616 | Vaults:1 | Entered Level 1 of the Vaults
 34622 | Vaults:1 | Reached skill level 1 in Fighting
 35543 | Vaults:1 | Reached skill level 5 in Fighting
 36092 | D:10     | You paid a toll of 18 potions of curing to enter a treasure
                  | trove
 36093 | Trove    | Entered a treasure trove
 36247 | Trove    | Got a steaming silver ring
 36249 | Trove    | Got a sparkling turquoise ring
 36259 | Trove    | Identified the ring "Ockau" {rPois rF+ rN+} (You found it
                  | in a treasure trove)
 36260 | Trove    | Identified the ring "Rehafroh" {rC+ rN+} (You found it in a
                  | treasure trove)
 36280 | D:10     | Reached XP level 19. HP: 127/127 MP: 33/33
 36944 | Vaults:2 | Gained mutation: You have a pair of large antennae on your
                  | head. (SInv) [demonic ancestry]
 36944 | Vaults:2 | Reached XP level 20. HP: 98/137 MP: 12/34
 36963 | Vaults:2 | Found a staircase to the Crypt.
 37296 | Vaults:2 | Noticed Xtahua
 37309 | Vaults:2 | Killed Xtahua
 37477 | Vaults:2 | Found Baihoass's Antique Armour Shoppe.
 37488 | Vaults:2 | Bought a shiny buckler for 315 gold pieces
 38219 | Vaults:3 | Reached skill level 15 in Armour
 39068 | Vaults:3 | Reached skill level 15 in Necromancy
 39100 | Vaults:3 | Reached skill level 10 in Fighting
 39385 | Vaults:4 | Noticed Jory
 39411 | Vaults:4 | Killed Jory
 39628 | Vaults:4 | Reached XP level 21. HP: 153/153 MP: 35/35
 40218 | Vaults:4 | Noticed Frederick
 40231 | Vaults:4 | Killed Frederick
 40231 | Vaults:4 | Reached skill level 10 in Shields
 40426 | Vaults:4 | Learned a level 4 spell: Passage of Golubria
 40430 | Vaults:4 | Learned a level 3 spell: Lesser Beckoning
 40520 | Vaults:4 | Noticed Margery
 40530 | Vaults:4 | Killed Margery
 40968 | Crypt:1  | Entered Level 1 of the Crypt
 41004 | Crypt:1  | Found a basalt altar of Yredelemnul.
 42298 | Crypt:2  | Found a magical portal.
 42314 | WizLab   | Entered Zonguldrok's Shrine
 42749 | WizLab   | Noticed an antique lich
 42753 | WizLab   | Killed an antique lich
 42757 | WizLab   | Found the +9 sword of Zonguldrok {reap}
 42759 | WizLab   | Identified the Handbook of Unholy Secrets
 43029 | Crypt:2  | Reached XP level 22. HP: 132/159 MP: 31/36
 43741 | Crypt:3  | Entered Level 3 of the Crypt
 44780 | Crypt:3  | Reached skill level 15 in Shields
 45182 | Crypt:3  | Found a staircase to the Tomb.
 45542 | Crypt:3  | Found an ancient bone altar of Kikubaaqudgha.
 45630 | Crypt:3  | Reached skill level 5 in Translocations
 45787 | Crypt:3  | Noticed an ancient lich
 45802 | Crypt:3  | Killed an ancient lich
 45808 | Crypt:3  | Noticed an ancient lich
 45822 | Crypt:3  | Killed an ancient lich
 45858 | Crypt:3  | Got a crude bronze ring
 45860 | Crypt:3  | Got a bound lead amulet
 45861 | Crypt:3  | Identified the ring "Poqucoxu" {rN+ Str+4 Dex+4} (You found
                  | it on level 3 of the Crypt)
 45862 | Crypt:3  | Identified the amulet "Jyt Joe" {Regen+ Int+3 Stlth+} (You
                  | found it on level 3 of the Crypt)
 45863 | Crypt:3  | Identified the amulet "Ylus Ypn" {Regen+ Stlth+} (You found
                  | it on level 3 of the Crypt)
 45865 | Crypt:3  | Identified the ring "Istomnou" {*Contam +Fly rElec rPois
                  | Stlth+} (You found it on level 3 of the Crypt)
 46270 | Elf:1    | Entered Level 1 of the Elven Halls
 46342 | Elf:1    | Found Kueskin's Distillery.
 46354 | Elf:1    | Bought a potion of haste for 160 gold pieces
 46354 | Elf:1    | Bought a potion of curing for 48 gold pieces
 46354 | Elf:1    | Bought a potion of heal wounds for 80 gold pieces
 46354 | Elf:1    | Bought a potion of curing for 48 gold pieces
 46354 | Elf:1    | Bought a potion of curing for 48 gold pieces
 46354 | Elf:1    | Bought a potion of agility for 64 gold pieces
 46354 | Elf:1    | Bought a potion of might for 64 gold pieces
 46354 | Elf:1    | Bought a potion of cancellation for 128 gold pieces
 46660 | Elf:1    | Identified the Catalogue of Companions
 47014 | Elf:1    | Found Rotan's Food Shop.
 47323 | Elf:2    | Found Ulaonur's Armour Shop.
 47622 | Elf:2    | Found a huge runed gate.
 47622 | Elf:2    | Found a huge runed gate.
 47623 | Elf:2    | Found a huge runed gate.
 47623 | Elf:2    | Found a huge runed gate.
 47623 | Elf:2    | Found a huge runed gate.
 47695 | Elf:2    | Gained mutation: You are completely covered in molten
                  | scales. (AC +4, rF+) [demonic ancestry]
 47695 | Elf:2    | Reached XP level 23. HP: 159/171 MP: 37/37
 48249 | Elf:3    | Entered Level 3 of the Elven Halls
 48264 | Elf:3    | Found Hoasiyck's Distillery.
 48277 | Elf:3    | Bought a potion of cancellation for 88 gold pieces
 48277 | Elf:3    | Bought a potion of curing for 33 gold pieces
 48277 | Elf:3    | Bought a potion of might for 44 gold pieces
 48277 | Elf:3    | Bought a potion of curing for 33 gold pieces
 48277 | Elf:3    | Bought a potion of mutation for 88 gold pieces
 48320 | Elf:3    | Upgraded the game from 0.22.0-36-g8e74550 to
                  | 0.22.0-38-g04b72b8
 48701 | Elf:3    | Found a large runed door.
 48702 | Elf:3    | Found a large runed door.
 48705 | Elf:3    | Noticed Terandir's ghost (adept MiFi)
 49140 | Elf:3    | Reached skill level 10 in Translocations
 49674 | Elf:3    | Identified the Papyrus of Changing and Enhancements
 49754 | Elf:3    | Found the +6 shillelagh "Devastator" {shatter}
 49819 | Elf:3    | Identified the cursed +1 scale mail of Mayrchie {rN+ Str+3}
                  | (You found it on level 3 of the Elven Halls)
 49867 | Elf:3    | Identified the Almanac of Flying Transformation
 50389 | Depths:1 | Entered Level 1 of the Depths
 50462 | Depths:1 | Found a gateway to Hell.
 50497 | Depths:1 | Found Biddish's Antique Weapon Shoppe.
 50523 | Depths:1 | Found a runed gate.
 50556 | Depths:1 | Noticed the Enchantress
 50573 | Depths:1 | Killed the Enchantress
 50589 | Depths:1 | Identified the +4 faerie dragon scales {rC+ rCorr} (You
                  | took it off the Enchantress on level 1 of the Depths)
 50647 | Depths:1 | Found a runed gate.
 50649 | Depths:1 | Found a runed gate.
 50655 | Depths:1 | Noticed Izxeget's ghost (veteran GrGl)
 50658 | Depths:1 | Found an opulent altar of Gozag.
 50938 | Depths:1 | Found a one-way gate to the infinite horrors of the Abyss.
 50956 | Depths:1 | Noticed Louise
 50965 | Depths:1 | Killed Louise
 50967 | Depths:1 | Identified the +8 large shield "Yninneme" {Int+7} (You took
                  | it off Louise on level 1 of the Depths)
 51240 | Depths:2 | Identified the Guide on Supportive Protection
 51272 | Depths:2 | Found a gateway to a ziggurat.
 51536 | Depths:2 | Reached XP level 24. HP: 187/187 MP: 37/37
 51556 | Depths:2 | Noticed Asterion
 51576 | Depths:2 | Killed Asterion
 51710 | Depths:2 | Reached skill level 15 in Fighting
 51953 | Depths:2 | Found a one-way gate leading to the halls of Pandemonium.
 52218 | Depths:2 | Identified the Papyrus of Curses and Black Arts
 52470 | Depths:3 | Found a corrupted altar of Lugonu.
 52595 | Depths:3 | Found a transporter.
 53091 | Depths:3 | Paralysed by accursed screaming for 1 turns
 53096 | Depths:3 | Paralysed by accursed screaming for 2 turns
 53169 | Depths:3 | Paralysed by accursed screaming for 1 turns
 53355 | Depths:4 | Found the +10 dark maul {crush}
 53494 | Depths:4 | Got a distressingly furry large shield
 53495 | Depths:4 | Identified the +6 large shield of the Sixty-Six Allies
                  | {MR+} (You acquired it on level 4 of the Depths)
 54146 | Depths:4 | Noticed a juggernaut
 54164 | Depths:4 | Killed a juggernaut
 54408 | Depths:5 | Entered Level 5 of the Depths
 55196 | Depths:5 | Gained mutation: Your magical and physical power is
                  | slightly enhanced at high health. [demonic ancestry]
 55196 | Depths:5 | Reached XP level 25. HP: 188/196 MP: 28/37
 55205 | Depths:5 | Received a gift from Kikubaaqudgha
 55675 | Depths:5 | Found a gate to the Realm of Zot.
 56387 | Slime:1  | Entered Level 1 of the Pits of Slime
 56392 | Slime:1  | Gained mutation: Your spells are a little easier to cast,
                  | but a little less powerful. [a shining eye]
 56423 | Slime:1  | Gained mutation: You tend to lose your temper in combat. [a
                  | shining eye]
 56717 | Slime:4  | Noticed Dissolution
 56740 | Slime:4  | Paralysed by a floating eye for 2 turns
 56744 | Slime:4  | Killed Dissolution
 56796 | Slime:5  | Entered Level 5 of the Pits of Slime
 56814 | Slime:5  | Noticed the Royal Jelly
 56815 | Slime:5  | Found a viscous altar of Jiyva.
 56836 | Slime:5  | Killed the Royal Jelly
 56913 | Slime:5  | Got a slimy rune of Zot
 56920 | Slime:5  | Identified the +10 scimitar of Deformation {flame, rF+
                  | Dex+2} (You found it on level 5 of the Pits of Slime)
 56923 | Slime:5  | Identified the Catalogue of the Rocks and Contamination
 56949 | Slime:5  | Got a pair of encrusted boots
 56950 | Slime:5  | Identified the +0 pair of boots of Light {Stlth+} (You
                  | acquired it on level 5 of the Pits of Slime)
 57293 | Orc:2    | Bought a potion of mutation for 112 gold pieces
 57295 | Orc:2    | Bought a potion of resistance for 120 gold pieces
 57566 | Vaults:5 | Entered Level 5 of the Vaults
 57893 | Vaults:5 | Identified the Incunabulum of Quantum Transmigration
 57906 | Vaults:5 | Got a silver rune of Zot
 58082 | Vaults:5 | Identified the Volume of the Snowflakes
 58197 | Vaults:5 | Gained mutation: Your magical and physical power is
                  | enhanced at high health. [demonic ancestry]
 58197 | Vaults:5 | Reached XP level 26. HP: 121/208 MP: 9/37
 58350 | Vaults:5 | Identified the Incunabulum of Orientation and Stolen Souls
 59118 | Vaults:5 | Got a steaming wooden ring
 59122 | Vaults:5 | Identified the cursed ring of Teic {*Contam *Slow rN++ EV-3
                  | Stlth+} (You took it off an ironbrand convoker on level 5
                  | of the Vaults)
 59405 | Vaults:5 | Identified the Volume of the Feathery Oath
 59411 | Vaults:5 | Learned a level 3 spell: Spectral Weapon
 59414 | Vaults:5 | Learned a level 2 spell: Passwall
 59739 | Zot:1    | Entered Level 1 of the Realm of Zot
 61129 | Zot:2    | Found a transporter.
 61133 | Zot:2    | Found a deep blue altar of Sif Muna.
 61275 | Zot:2    | Gained mutation: You evolve. [mutagenic glow]
 61503 | Zot:2    | Gained mutation: You have sharp fingernails. [evolution]
 61503 | Zot:2    | Lost mutation: You evolve. [end of evolution]
 62021 | Zot:2    | Noticed an ancient lich
 62024 | Zot:2    | Noticed an ancient lich
 62036 | Zot:2    | Killed an ancient lich
 62036 | Zot:2    | Gained mutation: Your magical and physical power is greatly
                  | enhanced at high health. [demonic ancestry]
 62036 | Zot:2    | Reached XP level 27. HP: 215/219 MP: 15/37
 62047 | Zot:2    | Noticed an ancient lich
 62049 | Zot:2    | Killed an ancient lich
 62068 | Zot:2    | Killed an ancient lich
 62237 | Zot:2    | Identified the cursed +0 cloak "Urih" {+Blink +Fly} (You
                  | found it on level 2 of the Realm of Zot)
 62288 | Zot:2    | Found a transporter.
 62297 | Zot:2    | Identified the +2 shield of the Sea {*Corrode rF+ Regen+}
                  | (You acquired it on level 2 of the Realm of Zot)
 64029 | Zot:5    | Entered Level 5 of the Realm of Zot
 64252 | Zot:5    | Noticed an ancient lich
 64257 | Zot:5    | Killed an ancient lich
 64360 | Zot:5    | Noticed an ancient lich
 64364 | Zot:5    | Killed an ancient lich
 64611 | Zot:5    | Noticed an orb of fire
 64637 | Zot:5    | Gained mutation: You are dopey. (Int -2) [an orb of fire]
 64644 | Zot:5    | Killed an orb of fire
 64647 | Zot:5    | Noticed an orb of fire
 64652 | Zot:5    | Gained mutation: You are very dopey. (Int -4) [an orb of
                  | fire]
 64660 | Zot:5    | Killed an orb of fire
 64763 | Zot:5    | Noticed an orb of fire
 64765 | Zot:5    | Gained mutation: You are frail. (-10% HP) [an orb of fire]
 64769 | Zot:5    | Gained mutation: You are clumsy. (Dex -2) [an orb of fire]
 64787 | Zot:5    | Killed an orb of fire
 64868 | Zot:5    | Noticed an ancient lich
 64876 | Zot:5    | Killed an ancient lich
 64923 | Zot:5    | Noticed an orb of fire
 64925 | Zot:5    | Gained mutation: You often lose your temper in combat. [an
                  | orb of fire]
 64935 | Zot:5    | Gained mutation: Scrolls take you a little longer to read.
                  | [an orb of fire]
 64944 | Zot:5    | Noticed an ancient lich
 64952 | Zot:5    | Killed an orb of fire
 64952 | Zot:5    | Reached skill level 1 in Hexes
 64952 | Zot:5    | Reached skill level 1 in Charms
 64962 | Zot:5    | Noticed an orb of fire
 64971 | Zot:5    | Killed an ancient lich
 64979 | Zot:5    | Gained mutation: You are occasionally teleported next to
                  | monsters. [an orb of fire]
 64981 | Zot:5    | Killed an orb of fire
 65051 | Zot:5    | Noticed an orb of fire
 65058 | Zot:5    | Gained mutation: You occasionally shout uncontrollably at
                  | your foes. [an orb of fire]
 65067 | Zot:5    | Killed an orb of fire
 65097 | Zot:5    | Upgraded the game from 0.22.0-38-g04b72b8 to
                  | 0.22.1-2-g9c5b331
 65097 | Zot:5    | Quit the game

Skill      XL: |  1  2  3  4  5  6  7  8  9 10 11 12 13 14 15 16 17 18 19 20 21 22 23 24 25 26 27 |
---------------+----------------------------------------------------------------------------------+-----
Necromancy     | 5 6 7 8 9 10 11 13 14 15 17 18 | 18.0
Translocations | 1 2 8 10 | 10.0
Shields        | 3 4 6 13 15 16 17 20 | 20.0
Dodging        | 3 6 7 11 13 15 17 18 19 20 | 20.0
Armour         | 2 6 10 13 14 15 16 17 20 | 20.0
Spellcasting   | 4 5 8 10 | 10.0
Evocations     | 4 5 |  5.0
Long Blades    | 10 14 16 | 16.0
Earth Magic    | 5 7 |  7.5
Conjurations   | 5 7 |  7.5
Fighting       | 5 6 10 11 14 15 17 18 20 | 20.0
Hexes          | 4 |  4.1
Charms         | 3 |  3.8
Stealth        | |  1.7

Action                   |  1- 3 |  4- 6 |  7- 9 | 10-12 | 13-15 | 16-18 | 19-21 | 22-24 | 25-27 || total
-------------------------+-------+-------+-------+-------+-------+-------+-------+-------+-------++-------
Melee: Short sword       |     8 |       |   215 |   693 |   346 |       |       |       |       ||  1262
       Hand axe          |    22 |       |       |       |       |       |       |       |       ||    22
       Quarterstaff      |    55 |    95 |       |       |       |       |       |       |       ||   150
       Rapier            |       |    83 |   147 |       |       |       |       |       |       ||   230
       Unarmed           |       |     7 |       |       |       |       |       |       |       ||     7
       Double sword      |       |       |    11 |    57 |   175 |   628 |  1483 |  2230 |  1534 ||  6118
       Whip              |       |       |       |       |   211 |       |       |       |       ||   211
       Scimitar          |       |       |       |       |    21 |   407 |       |       |       ||   428
 Fire: Hunting sling     |       |       |       |     5 |       |       |       |       |       ||     5
       Fustibalus        |       |       |       |       |     9 |       |       |       |       ||     9
 Cast: Pain              |    43 |    20 |    83 |   182 |       |       |       |       |       ||   328
       Animate Skeleton  |     1 |    19 |    16 |    29 |    39 |     9 |     5 |     8 |     1 ||   127
       Vampiric Draining |     1 |    12 |    29 |    50 |       |       |       |       |       ||    92
       Blink             |       |       |     2 |     2 |     3 |     1 |       |       |       ||     8
       Regeneration      |       |       |     9 |    42 |    98 |    69 |    43 |    51 |    62 ||   374
       Mephitic Cloud    |       |       |     2 |    12 |       |       |       |       |       ||    14
       Animate Dead      |       |       |     1 |    24 |    49 |    72 |    23 |    19 |    26 ||   214
       Sublimation of Bl |       |       |       |    20 |    82 |    76 |    36 |    34 |    21 ||   269
       Borgnjor's Vile C |       |       |       |    13 |   182 |   139 |    67 |    91 |    94 ||   586
       Bolt of Draining  |       |       |       |     4 |    66 |    43 |    21 |    22 |    10 ||   166
       Dispel Undead     |       |       |       |       |    17 |     2 |    41 |    61 |    15 ||   136
       Lesser Beckoning  |       |       |       |       |       |       |       |    18 |    24 ||    42
       Passage of Golubr |       |       |       |       |       |       |       |       |     1 ||     1
       Spectral Weapon   |       |       |       |       |       |       |       |       |     2 ||     2
Invok: Receive Corpses   |       |       |       |     1 |     2 |       |       |     1 |     1 ||     5
       Torment           |       |       |       |       |       |       |       |       |     1 ||     1
       Receive Necronomi |       |       |       |       |       |       |       |       |     1 ||     1
Evoke: Wand              |       |       |    60 |    19 |     3 |     5 |       |     3 |     4 ||    94
       Lightning rod     |       |       |       |     9 |     4 |     7 |       |       |       ||    20
       Phial of floods   |       |       |       |       |       |     1 |       |       |       ||     1
  Use: Scroll            |     4 |     5 |     6 |    17 |    20 |    30 |     2 |    24 |    18 ||   126
       Potion            |       |       |       |     1 |     3 |     7 |       |       |     2 ||    13
 Stab: Sleeping          |     2 |     2 |     5 |       |     3 |     2 |       |     6 |     3 ||    23
       Distracted        |       |       |     1 |     3 |     6 |     9 |     5 |    10 |    16 ||    50
       Confused          |       |       |       |     2 |       |       |       |       |       ||     2
       Invisible         |       |       |       |       |       |     2 |       |       |       ||     2
  Eat: Chunk             |     4 |     9 |    12 |    30 |    62 |    29 |    27 |    40 |    15 ||   228
       Ration            |       |       |     3 |     2 |     6 |    11 |    11 |     9 |    11 ||    53
Armor: Robe              |     9 |    39 |   163 |   271 |   182 |    97 |       |       |       ||   761
       Ring mail         |    44 |    27 |       |       |       |       |       |       |       ||    71
       Skin              |       |     1 |       |       |       |       |       |       |       ||     1
       Fire dragon scale |       |       |       |       |       |   182 |   461 |   582 |   456 ||  1681
Dodge: Dodged            |    62 |   137 |   287 |   597 |   674 |   823 |  1056 |  1133 |   820 ||  5589
       Deflected         |       |       |       |       |    13 |    32 |       |       |       ||    45
Block: Buckler           |       |       |   202 |   393 |   411 |   480 |   628 |    34 |       ||  2148
       Reflection        |       |       |       |     3 |    41 |    55 |    25 |     1 |       ||   125
       Shield            |       |       |       |       |       |       |       |   721 |       ||   721
       Large shield      |       |       |       |       |       |       |       |   881 |  1811 ||  2692
       Rpst.: Double sword |       |       |     2 |    12 |    38 |    91 |   245 |   218 |   121 ||   727
       Scimitar          |       |       |       |       |     5 |    62 |       |       |       ||    67
